 Dungeon Crawl Stone Soup version 0.23.2-1-ga50397a6bc (webtiles) character file.

Game seed: 7691504090510232746

292578 Lysie the Hoplite (level 20, -1/184 HPs)
             Began as a Minotaur Fighter on May 3, 2019.
             Was the Champion of Okawaru.
             Killed from afar by a purple draconian (12 damage)
             ... with a bolt of dispelling energy
             ... on level 5 of the Depths on May 4, 2019.
             The game lasted 02:03:40 (31952 turns).

Lysie the Hoplite (Minotaur Fighter)               Turns: 31952, Time: 02:03:42

Health: -1/184     AC: 25    Str: 30    XL:     20   Next: 62%
Magic:  27/27      EV:  9    Int: 14    God:    Okawaru [******]
Gold:   2180       SH: 33    Dex: 13    Spells: 19/19 levels left

rFire    + + +     SeeInvis .   S - +5 war axe of Semmischa {vamp, *Contam +Blink rC+ rN++ Stlth+}
rCold    + + +     Gourm    .   w - +2 large shield {AC+3}
rNeg     + + .     Faith    .   Q - +1 chain mail of Absolutism {rF++ Str+3 Stlth-}
rPois    +         Spirit   .   r - +0 hat
rElec    +         Reflect  +   X - +2 cloak {MR+}
rCorr    +         Harm     .   q - +1 pair of gloves {Str+3}
MR       ++...                  W - +1 pair of boots
Stlth    ..........             U - +6 amulet of reflection
HPRegen  0.40/turn              Z - ring of Iggyman {rF+ Str+4 Int+4 Slay+3 Stlth-}
MPRegen  0.20/turn              C - ring "Uchafan" {rElec rC+++ Str-2 Slay+5 Stlth-}

@: resistant (expiring), corroded, slowed, lightly drained, very slow
A: retaliatory headbutt, horns 2, screaming 1
a: Heroism, Finesse, Renounce Religion, Evoke Blink


You were on level 5 of the Depths.
You worshipped Okawaru.
Okawaru was exalted by your worship.
You were not hungry.

You visited 5 branches of the dungeon, and saw 29 of its levels.
You also visited: Bailey and Gauntlet.

You collected 3616 gold pieces.
You spent 1436 gold pieces at shops.

Inventory:

Hand Weapons
 M - the +5 war axe of Uczumur {chop, rC++ Str+3 Int-3}
   (You bought it in a shop on level 10 of the Dungeon)

   It inflicts extra damage upon your enemies.
   It affects your strength (+3).
   It affects your intelligence (-3).
   It greatly protects you from cold.
 S - the +5 war axe of Semmischa (weapon) {vamp, *Contam +Blink rC+ rN++ Stlth+}
   (Okawaru gifted it to you on level 2 of the Orcish Mines)

   It inflicts no extra harm, but heals its wielder when it wounds a living foe.
   It protects you from cold.
   It greatly protects you from negative energy.
   It lets you blink.
   It causes magical contamination when unequipped.
   It makes you more stealthy.
Missiles
 G - 69 tomahawks of returning (quivered)
Armour
 q - a +1 pair of gloves of strength (worn)
 r - a +0 hat (worn)
 w - a +2 large shield of protection (worn)
 y - a +4 plate armour of positive energy
 Q - the +1 chain mail of Absolutism (worn) {rF++ Str+3 Stlth-}
   (Okawaru gifted it to you on level 11 of the Dungeon)

   It affects your strength (+3).
   It greatly protects you from fire.
   It makes you less stealthy.
 W - a +1 pair of boots (worn)
 X - a +2 cloak of magic resistance (worn)
Jewellery
 s - an uncursed ring of wizardry {unknown}
 t - a cursed ring of attention {unknown}
 C - the ring "Uchafan" (right hand) {rElec rC+++ Str-2 Slay+5 Stlth-}
   (You found it in a Gauntlet)

   [ring of attention]

   It affects your strength (-2).
   It affects your accuracy and damage with ranged weapons and melee attacks
   (+5).
   It renders you almost immune to cold.
   It insulates you from electricity.
   It makes you less stealthy.
 K - the ring of Fallacy {rN+ MR- Str+7 Int-2 SInv}
   (You acquired it on level 10 of the Dungeon)

   [ring of positive energy]

   It affects your strength (+7).
   It affects your intelligence (-2).
   It protects you from negative energy.
   It affects your resistance to hostile enchantments.
   It lets you see invisible.
 U - a +6 amulet of reflection (around neck)
 Z - the ring of Iggyman (left hand) {rF+ Str+4 Int+4 Slay+3 Stlth-}
   (You bought it in a shop on level 3 of the Depths)

   [ring of protection from fire]

   It affects your strength (+4).
   It affects your intelligence (+4).
   It affects your accuracy and damage with ranged weapons and melee attacks
   (+3).
   It protects you from fire.
   It makes you less stealthy.
Wands
 a - a wand of iceblast (32)
 h - a wand of paralysis (31)
 x - a wand of flame (35)
 z - a wand of disintegration (89)
 A - a wand of digging (3)
 F - a wand of enslavement (12)
 R - a wand of acid (10)
 V - a wand of polymorph (23)
Scrolls
 c - a scroll of silence
 k - 6 scrolls of magic mapping
 l - a scroll of teleportation
 o - 3 scrolls of fear
 p - 7 scrolls of identify
 v - 16 scrolls of remove curse
 E - 2 scrolls of holy word
 I - a scroll of enchant weapon
 N - 3 scrolls of acquirement
 T - a scroll of fog
Potions
 b - 7 potions of curing
 d - a potion of haste
 e - 7 potions of flight
 g - 4 potions of brilliance
 j - a potion of invisibility
 B - a potion of resistance
 D - a potion of might
 H - a potion of agility
 J - 3 potions of magic
 L - 2 potions of berserk rage
Miscellaneous
 i - a lamp of fire
 u - a box of beasts
 O - 2 sacks of spiders
Comestibles
 f - 26 rations


   Skills:
 - Level 17.3(16.5) Fighting
 - Level 16.0(15.2) Axes
 - Level 22.6(21.7) Armour
 + Level 23.5(22.6) Shields
 - Level 10.8(10.1) Evocations


You had 19 spell levels left.
You didn't know any spells.
Your spell library contained the following spells:

 Spells                   Type           Power        Failure   Level  Hunger
 Apportation              Tloc           #.....       67%         1    ##.....
 Confusing Touch          Hex            #.....       67%         1    ##.....
 Flame Tongue             Conj/Fire      #....        67%         1    ##.....
 Freeze                   Ice            #...         67%         1    ##.....
 Sandblast                Erth           #.....       67%         1    ##.....
 Summon Butterflies       Summ           #.......     67%         1    ##.....
 Passwall                 Tmut/Erth      #.......     82%         2    ###....
 Throw Flame              Conj/Fire      #.....       82%         2    ###....
 Throw Frost              Conj/Ice       #.....       82%         2    ###....
 Confuse                  Hex            #.......     96%         3    ####...
 Conjure Flame            Conj/Fire      #.......     96%         3    ####...
 Gell's Gravitas          Tloc           #.........   96%         3    ####...
 Inner Flame              Hex/Fire       #.......     96%         3    ####...
 Lesser Beckoning         Tloc           #.........   96%         3    ####...
 Ozocubu's Armour         Chrm/Ice       #.......     96%         3    ####...
 Stone Arrow              Conj/Erth      #.....       96%         3    ####...
 Tukima's Dance           Hex            #.......     96%         3    ####...
 Cause Fear               Hex            #.........   100%        4    #####..
 Petrify                  Tmut/Erth      #.......     100%        4    #####..
 Sticky Flame             Conj/Fire      #.......     100%        4    #####..
 Summon Ice Beast         Ice/Summ       #.......     100%        4    #####..
 Throw Icicle             Conj/Ice       #.......     100%        4    #####..
 Alistair's Intoxication  Tmut/Pois      #.......     100%        5    ######.
 Borgnjor's Vile Clutch   Necr/Erth      #.........   100%        5    ######.
 Fireball                 Conj/Fire      #.........   100%        5    ######.
 Lee's Rapid Deconstruct  Erth           #.........   100%        5    ######.
 Metabolic Englaciation   Hex/Ice        #.........   100%        5    ######.
 Silence                  Hex/Air        #.........   100%        5    ######.
 Yara's Violent Unravell  Hex/Tmut       #.........   100%        5    ######.
 Deflect Missiles         Chrm/Air       #.........   100%        6    #######
 Freezing Cloud           Conj/Ice/Air   #.........   100%        6    #######
 Invisibility             Hex            #.......     100%        6    #######
 Statue Form              Tmut/Erth      #........    100%        6    #######
 Discord                  Hex            #.........   100%        8    #######


Dungeon Overview and Level Annotations

Branches:
Dungeon (15/15)            Temple (1/1) D:7            Lair (6/6) D:8
 Shoals (0/4) Lair:4       Spider (0/4) Lair:2        Slime (0/5) Lair:6
    Orc (2/2) D:10            Elf (0/3) Orc:2        Vaults (0/5) D:13
 Depths (5/5) D:15            Zot (0/5) Depths:5

Altars:
Ashenzari
Cheibriados
Dithmenos
Elyvilon
Fedhas
Gozag
Hepliaklqana
Kikubaaqudgha
Makhleb
Nemelex Xobeh
Okawaru
Qazlal
Ru
Sif Muna
Trog
Uskayaw
Vehumet
Wu Jian
Xom
Yredelemnul
Zin
The Shining One
Lugonu

Shops:
D:4 (   D:9 (   D:10 (   D:14 [   Orc:2 [*(%   Depths:1 *   Depths:3 =}}

Portals:
Hell: Lair:6 Depths:1 Depths:2 Depths:3 Depths:4
Abyss: Depths:4
Pandemonium: Depths:1 Depths:2 Depths:3
Trove: D:10 (give +5 demon trident)

Annotations:
D:9 3 runed translucent doors, tensugalgo's ghost, novice KoGl


Innate Abilities, Weirdness & Mutations

You reflexively headbutt those who attack you in melee.
You have a pair of horns on your head.
You occasionally shout uncontrollably at your foes.


Message History

The shadow dragon bites you but does no damage.
You block the shadow dragon's attack. x2
The white draconian stormcaller mumbles some strange prayers to Qazlal against you.
Qazlal smites you!
* * * LOW HITPOINT WARNING * * *
Found a gate to the Realm of Zot.
As you read the scroll of summoning, it crumbles to dust.
Wisps of shadow whirl around you...
The shadow dragon breathes negative energy at you.
The bolt of negative energy hits you! You partially resist.
You feel drained.
* * * LOW HITPOINT WARNING * * *
The bolt of negative energy hits your spriggan air mage!!!
Your spriggan air mage is drained!
Your spriggan air mage dies!
Your spriggan air mage's corpse dissolves into shadows!
The purple draconian breathes dispelling energy at you.
The bolt of dispelling energy hits your deep troll earth mage!!!
The bolt of dispelling energy hits you!
Your magical effects are unravelling.
You die...

.......... .......§§..#≈≈≈≈###.[
.k......... ...........########..
.l.....................########..
k......................#.........
.Dk.....##...##.y...T..##........
W.k.....#.....#T.......##..k.....
CdD.........y..y..yd...##D°°.....
V..W.......∩....DT....qk.°.......
§...d.........T.@d.....#.........
........#.....#T.G.....##....[...
........##.. #........##........
.......... ..........##........
......... ...........#####)####
...........#####.##
............#......#
.........§≈≈.#####÷.# .....§q≈.#
#..###


You could see a shadow dragon, a purple draconian, a red draconian, a white
draconian stormcaller, a death drake, a friendly great orb of eyes, 4 friendly
spark wasps, 4 friendly deep trolls and a friendly deep troll earth mage.

Vanquished Creatures
  An ancient lich (Depths:4)
  A juggernaut (Depths:4)
  Boris (Depths:4)
  Bai Suzhen (Depths:2)
  Jory (Depths:4)
  2 golden dragons
  3 tentacled monstrosities
  A quicksilver dragon (Depths:2)
  2 liches
  3 sphinxes
  Frances (D:13)
  Kirke (D:13)
  2 shadow dragons
  2 tengu reavers (Depths:2)
  6 fire giants
  A deep elf sorcerer (Depths:2)
  8 frost giants
  A caustic shrike zombie (Depths:2)
  An iron dragon (Depths:3)
  A juggernaut zombie (Depths:2)
  The ghost of straszyg the Fencer, a journeyman MiFi of Okawaru (Lair:2)
  2 reapers
  31 very ugly things
  16 stone giants
  A juggernaut skeleton (Depths:4)
  3 vampire knights
  A minotaur (Gauntlet)
  18 spark wasps
  10 ettins
  7 fire dragons
  2 jiangshi (Depths:3)
  3 yaktaur captains
  4 rakshasas
  A vault guard (D:13)
  A hell beast (Depths:2)
  5 great orbs of eyes
  8 ice dragons
  A hydra (shapeshifter) (Depths:2)
  A centaur warrior (Depths:2)
  3 death knights
  5 hydras
  A catoblepas (Gauntlet)
  36 two-headed ogres
  An anaconda (shapeshifter) (Depths:3)
  5 spriggan air magi
  6 death yaks
  6 deep troll earth magi
  11 ogre magi
  4 tengu warriors
  A titan zombie (Depths:4)
  9 deep troll shamans
  3 vampire magi
  A hell knight (D:15)
  A sixfirhy (Lair:6)
  A fire crab (shapeshifter) (D:13)
  2 iron trolls (Depths:4)
  3 glowing orange brains
  A shadow demon (Depths:2)
  24 deep trolls
  A flayed ghost (Depths:2)
  A wizard (Lair:6)
  An obsidian statue (D:11)
  2 phantasmal warriors (Depths:2)
  A fire giant zombie (Depths:2)
  3 necromancers
  A mana viper (shapeshifter) (Depths:4)
  2 orc knights (Orc:2)
  2 deep elf magi (D:15)
  An oklob plant (Lair:1)
  A wolf spider (Lair:3)
  32 ugly things
  A manticore (shapeshifter) (Depths:5)
  2 orc sorcerers
  A wolf spider zombie (D:13)
  A worldbinder (Gauntlet)
  A sphinx skeleton (Depths:4)
  2 frost giant skeletons (Depths:2)
  3 cyclopes
  A manticore (D:15)
  4 black mambas
  6 elephants
  Maurice (D:8)
  A stone giant skeleton (Depths:2)
  A fire giant skeleton (Depths:2)
  2 rust devils
  A guardian serpent (D:15)
  2 orange demons
  A centaur zombie (D:13)
  Psyche (D:8)
  2 smoke demons
  Joseph (D:8)
  2 gargoyles
  5 spectral swamp worms (Depths:1)
  2 torpor snails
  18 spiny frogs
  6 rime drakes
  20 yaktaurs
  12 komodo dragons
  2 minotaur zombies (Gauntlet)
  An efreet (D:15)
  4 kobold demonologists
  5 ice devils
  2 hellwings
  A freezing wraith (D:14)
  6 trolls
  5 tengu conjurers
  3 red devils
  4 polar bears
  A troll (shapeshifter) (Depths:3)
  Grinder (D:6)
  A queen bee (shapeshifter) (D:14)
  A wind drake (shapeshifter) (Depths:5)
  A jumping spider (shapeshifter) (Depths:2)
  3 blink frogs (Lair:3)
  7 dream sheep (Lair:5)
  A fire giant simulacrum (Depths:2)
  6 slime creatures
  A hornet (Lair:3)
  An ettin zombie (Depths:2)
  A meliai zombie (D:13)
  6 hippogriffs
  A spriggan (shapeshifter) (Depths:2)
  A redback (Lair:2)
  Sigmund (D:6)
  5 flying skulls (Depths:2)
  A vampire (D:14)
  2 shadows
  3 wyverns
  2 yaks (shapeshifter)
  3 hogs (D:13)
  45 yaks
  17 water elementals
  Eustachio (D:6)
  5 wraiths
  3 chaos spawn
  3 hungry ghosts
  2 neqoxecs
  A steam dragon (D:13)
  A hog (shapeshifter) (Depths:4)
  4 vampire mosquitoes
  4 basilisks
  An elf simulacrum (Depths:4)
  3 wargs
  14 water moccasins
  4 hell hounds (Lair:6)
  A soldier ant (shapeshifter) (Depths:4)
  9 porcupines
  19 orc warriors
  Duvessa (D:6)
  4 black bears
  A floating eye (shapeshifter) (Depths:4)
  A porcupine (shapeshifter) (Depths:3)
  2 sky beasts
  8 ice beasts
  43 ogres
  An eye of draining (shapeshifter) (Depths:2)
  3 phantoms
  11 boggarts
  12 wolves
  16 centaurs
  10 crocodiles
  6 big kobolds
  10 bullfrogs
  A gnoll sergeant (Orc:2)
  2 scorpions (D:8)
  Dowan (D:6)
  A hornet simulacrum (D:14)
  3 wights (D:8)
  5 howler monkeys
  4 electric eels
  11 crimson imps
  A bullfrog zombie (D:9)
  13 jellies
  12 orc priests
  6 hounds
  2 bullfrog skeletons
  5 iguanas
  20 orc wizards
  4 centaur skeletons
  3 iron imps
  14 worker ants
  A killer bee zombie (D:6)
  A hound zombie (D:10)
  14 adders
  2 howler monkey skeletons (D:4)
  22 gnolls
  2 shadow imps (Depths:3)
  3 white imps (Depths:3)
  14 oozes
  2 adder skeletons
  An adder zombie (D:8)
  3 worms
  6 dart slugs
  3 leopard geckos
  89 orcs
  9 bats
  2 giant cockroaches
  16 goblins
  29 hobgoblins
  9 jackals
  34 kobolds
  3 quokkas
  A ball python (D:3)
  6 frilled lizards
  2 leopard gecko zombies
  A quokka skeleton (D:10)
  6 rats
  3 fungi
  A plant (Lair:3)
1170 creatures vanquished.

Vanquished Creatures (others)
  3 stone giants
  A merfolk javelineer (Depths:4)
  4 centaur warriors
  2 yaktaurs
  2 humans (D:14)
  A crocodile (D:14)
  A scorpion (D:9)
  A worker ant (D:13)
  A white imp (Depths:3)
  An orc (Orc:1)
  A kobold (D:15)
  A demonic plant (Gauntlet)
  10 fungi
  11 plants
40 creatures vanquished.

Grand Total: 1210 creatures vanquished

Notes
Turn   | Place    | Note
-------+----------+-------------------------------------------
     0 | D:1      | Lysie the Minotaur Fighter began the quest for the Orb.
     0 | D:1      | Reached XP level 1. HP: 19/19 MP: 0/0
   152 | D:1      | Reached XP level 2. HP: 14/26 MP: 1/1
   468 | D:1      | Reached XP level 3. HP: 31/31 MP: 2/2
  1216 | D:2      | Found an ornate altar of the Wu Jian Council.
  1227 | D:2      | Reached skill level 5 in Axes
  1374 | D:2      | Reached XP level 4. HP: 39/39 MP: 3/3
  1678 | D:3      | Noticed a phantom
  1711 | D:3      | Killed a phantom
  1711 | D:3      | Reached XP level 5. HP: 29/45 MP: 4/4
  2472 | D:4      | Reached XP level 6. HP: 50/51 MP: 5/5
  2550 | D:4      | Found a radiant altar of Vehumet.
  3172 | D:4      | Reached XP level 7. HP: 57/57 MP: 6/6
  3304 | D:4      | Found Emurr's Weapon Emporium.
  3402 | D:5      | Entered Level 5 of the Dungeon
  3432 | D:5      | Reached skill level 10 in Axes
  3559 | D:5      | Found a blossoming altar of Fedhas.
  3694 | D:4      | Bought a +1 glaive of venom for 162 gold pieces
  4045 | D:6      | Found a basalt altar of Yredelemnul.
  4054 | D:6      | Noticed Eustachio
  4069 | D:6      | Killed Eustachio
  4069 | D:6      | Reached XP level 8. HP: 48/67 MP: 7/7
  4074 | D:6      | Noticed Grinder
  4289 | D:6      | Found a shattered altar of Ashenzari.
  4309 | D:6      | Noticed Dowan
  4313 | D:6      | Reached skill level 5 in Armour
  4325 | D:6      | Noticed Sigmund
  4619 | D:6      | Reached skill level 5 in Fighting
  4834 | D:6      | Killed Sigmund
  4877 | D:6      | Killed Grinder
  5035 | D:6      | Noticed Duvessa
  5040 | D:6      | Killed Dowan
  5046 | D:6      | Killed Duvessa
  5407 | D:7      | Found a staircase to the Ecumenical Temple.
  5416 | Temple   | Entered the Ecumenical Temple
  5603 | Temple   | Became a worshipper of Warmaster Okawaru
  5709 | D:7      | Reached XP level 9. HP: 77/79 MP: 8/8
  6264 | D:7      | Found a glowing silver altar of Zin.
  6398 | D:8      | Noticed Psyche
  6410 | D:8      | Reached * piety under Okawaru
  6674 | D:8      | Noticed Maurice
  6681 | D:8      | Killed Maurice
  6681 | D:8      | Reached skill level 10 in Armour
  6690 | D:8      | Killed Psyche
  6690 | D:8      | Reached ** piety under Okawaru
  6933 | D:8      | Reached skill level 10 in Fighting
  6936 | D:8      | Noticed a two-headed ogre
  6943 | D:8      | Reached XP level 10. HP: 52/93 MP: 9/9
  7187 | D:7      | Killed a two-headed ogre
  7187 | D:7      | Reached *** piety under Okawaru
  7593 | D:8      | Noticed Joseph
  7603 | D:8      | Killed Joseph
  8278 | D:8      | Found a staircase to the Lair.
  8494 | D:9      | Found a runed translucent gate.
  8494 | D:9      | Found a runed translucent gate.
  8494 | D:9      | Found a runed translucent gate.
  8495 | D:9      | Noticed tensugalgo's ghost (novice KoGl)
  8640 | D:9      | Reached **** piety under Okawaru
  8905 | D:9      | Found Jifoater's Weapon Shop.
  9737 | D:10     | Entered Level 10 of the Dungeon
  9738 | D:10     | Noticed a two-headed ogre
  9749 | D:9      | Killed a two-headed ogre
  9832 | D:10     | Found a staircase to the Orcish Mines.
  9834 | D:10     | Noticed a two-headed ogre
  9845 | D:10     | Killed a two-headed ogre
  9845 | D:10     | Reached ***** piety under Okawaru
  9845 | D:10     | Reached XP level 11. HP: 80/105 MP: 10/10
  9854 | D:10     | Found a flagged portal.
  9938 | Bailey   | Entered a bailey
 10414 | D:10     | Identified a scroll of acquirement
 10417 | D:10     | Got a scorched glass ring
 10420 | D:10     | Identified the ring of Fallacy {rN+ MR- Str+7 Int-2 SInv}
                  | (You acquired it on level 10 of the Dungeon)
 10434 | D:10     | Found Deesmuwu's Antique Weapon Shoppe.
 10440 | D:10     | Bought a smoking war axe for 314 gold pieces
 10440 | D:10     | Identified the +5 war axe of Uczumur {chop, rC++ Str+3
                  | Int-3} (You bought it in a shop on level 10 of the Dungeon)
 10478 | D:10     | Found a portal to a secret trove of treasure.
 11093 | D:11     | Received a gift from Okawaru
 11096 | D:11     | Got a shimmering chain mail {god gift}
 11109 | D:11     | Identified the +1 chain mail of Absolutism {rF++ Str+3
                  | Stlth-} (Okawaru gifted it to you on level 11 of the
                  | Dungeon)
 11285 | D:11     | Noticed an obsidian statue
 11469 | D:11     | Killed an obsidian statue
 11905 | D:12     | Noticed a death knight
 11929 | D:12     | Killed a death knight
 12558 | D:13     | Noticed an ogre mage
 12563 | D:13     | Killed an ogre mage
 12566 | D:13     | Noticed a vault guard
 12567 | D:13     | Found a gate to the Vaults.
 12577 | D:13     | Killed a vault guard
 12577 | D:13     | Reached XP level 12. HP: 92/113 MP: 7/11
 12661 | D:13     | Noticed Frances
 12681 | D:13     | Killed Frances
 12681 | D:13     | Reached skill level 15 in Axes
 12919 | D:13     | Noticed a tengu warrior
 12932 | D:13     | Killed a tengu warrior
 12987 | D:13     | Reached ****** piety under Okawaru
 13012 | D:13     | Reached skill level 4 in Shields
 13226 | D:13     | Noticed a death knight
 13674 | D:13     | Killed a death knight
 13674 | D:13     | Received a gift from Okawaru
 13771 | D:13     | Reached skill level 5 in Shields
 13917 | Orc:1    | Entered Level 1 of the Orcish Mines
 14095 | Orc:2    | Entered Level 2 of the Orcish Mines
 14179 | Orc:2    | Noticed a stone giant
 14189 | Orc:2    | Killed a stone giant
 14189 | Orc:2    | Reached skill level 6 in Shields
 14212 | Orc:2    | Noticed a two-headed ogre
 14212 | Orc:2    | Noticed a two-headed ogre
 14216 | Orc:2    | Noticed an ogre mage
 14222 | Orc:2    | Noticed a two-headed ogre
 14383 | Orc:2    | Noticed a two-headed ogre
 14395 | Orc:2    | Killed a two-headed ogre
 14521 | Orc:2    | Killed a two-headed ogre
 14521 | Orc:2    | Received a gift from Okawaru
 14523 | Orc:2    | Reached XP level 13. HP: 118/124 MP: 10/12
 14564 | Orc:2    | Reached skill level 7 in Shields
 14650 | Orc:2    | Reached skill level 8 in Shields
 14744 | Orc:2    | Found a staircase to the Elven Halls.
 14899 | Orc:2    | Received a gift from Okawaru
 14913 | Orc:2    | Reached skill level 15 in Fighting
 14913 | Orc:2    | Reached skill level 9 in Shields
 14936 | Orc:2    | Got a warped war axe {god gift}
 14942 | Orc:2    | Identified the +5 war axe of Semmischa {vamp, *Contam
                  | +Blink rC+ rN++ Stlth+} (Okawaru gifted it to you on level
                  | 2 of the Orcish Mines)
 15096 | Orc:2    | Found Nydepu's Armour Shoppe.
 15096 | Orc:2    | Found Inaano Iliaps's Assorted Antiques.
 15097 | Orc:2    | Found Ituetuol's Weapon Boutique.
 15097 | Orc:2    | Found Sucup Leotze's Food Emporium.
 15461 | Orc:2    | Reached skill level 10 in Shields
 15960 | Lair:1   | Entered Level 1 of the Lair of Beasts
 16948 | Lair:2   | Found a runed translucent door.
 16952 | Lair:2   | Noticed straszyg's ghost (journeyman MiFi)
 16961 | Lair:2   | Received a gift from Okawaru
 17254 | Lair:2   | Found a hole to the Spider Nest.
 17316 | Lair:2   | Reached XP level 14. HP: 136/136 MP: 13/13
 17640 | Lair:2   | Killed straszyg's ghost
 17640 | Lair:2   | Reached skill level 11 in Shields
 17908 | Lair:3   | Received a gift from Okawaru
 18219 | Lair:3   | Reached skill level 15 in Armour
 18394 | Lair:3   | Reached skill level 12 in Shields
 18758 | Lair:4   | Found a staircase to the Shoals.
 18888 | Lair:4   | Found a blossoming altar of Fedhas.
 19039 | Lair:4   | Found a gate leading to a gauntlet.
 19057 | Gauntlet | Entered a Gauntlet
 19057 | Gauntlet | Found a transporter.
 19057 | Gauntlet | Found a transporter.
 19060 | Gauntlet | Found a runed translucent door.
 19077 | Gauntlet | Found a transporter.
 19079 | Gauntlet | Found a transporter.
 19087 | Gauntlet | Found a transporter.
 19091 | Gauntlet | Found a transporter.
 19099 | Gauntlet | Found a transporter.
 19115 | Gauntlet | Found a transporter.
 19130 | Gauntlet | Found a transporter.
 19133 | Gauntlet | Found a transporter.
 19141 | Gauntlet | Found a transporter.
 19145 | Gauntlet | Found a transporter.
 19210 | Gauntlet | Reached XP level 15. HP: 147/147 MP: 14/14
 19329 | Gauntlet | Received a gift from Okawaru
 19329 | Gauntlet | Reached skill level 13 in Shields
 19486 | Gauntlet | Got a smoking bronze ring
 19918 | Lair:5   | Reached skill level 1 in Evocations
 19944 | Lair:5   | Received a gift from Okawaru
 20111 | Lair:5   | Identified the ring "Uchafan" {rElec rC+++ Str-2 Slay+5
                  | Stlth-} (You found it in a Gauntlet)
 20644 | Lair:6   | Entered Level 6 of the Lair of Beasts
 20889 | Lair:6   | Found a staircase to the Slime Pits.
 20891 | Lair:6   | Reached skill level 5 in Evocations
 20891 | Lair:6   | Reached XP level 16. HP: 155/155 MP: 18/18
 21156 | Lair:6   | Paralysed by a wizard for 2 turns
 21158 | Lair:6   | Received a gift from Okawaru
 21176 | Lair:6   | Found a burning altar of Makhleb.
 21208 | Lair:6   | Found a gateway to Hell.
 21215 | Lair:6   | Identified Rikkoubb's Volume of Floating Stones
 22193 | D:14     | Noticed Kirke
 22208 | D:13     | Killed Kirke
 22342 | D:14     | Found a glowing silver altar of Zin.
 22455 | D:14     | Found Tusais's Antique Armour Boutique.
 22461 | D:14     | Bought a runed cloak for 180 gold pieces
 22794 | D:14     | Found a blossoming altar of Fedhas.
 23054 | D:15     | Entered Level 15 of the Dungeon
 23135 | D:15     | Found a staircase to the Depths.
 23664 | D:15     | Received a gift from Okawaru
 24194 | Depths:1 | Entered Level 1 of the Depths
 24489 | Depths:1 | Paralysed by a great orb of eyes for 4 turns
 24707 | Depths:1 | Found Wilet's Whimsical Warehouse.
 24723 | Depths:1 | Reached XP level 17. HP: 158/161 MP: 20/22
 24859 | Depths:1 | Found a one-way gate leading to the halls of Pandemonium.
 25496 | Depths:2 | Paralysed by a great orb of eyes for 4 turns
 25579 | Depths:2 | Received a gift from Okawaru
 25963 | Depths:2 | Reached skill level 10 in Evocations
 26032 | Depths:2 | Received a gift from Okawaru
 26182 | Depths:2 | Reached XP level 18. HP: 170/170 MP: 24/24
 26746 | Depths:2 | Paralysed by a sphinx for 5 turns
 26923 | Depths:2 | Noticed Bai Suzhen
 26938 | Depths:2 | Killed Bai Suzhen
 27154 | Depths:2 | Gained mutation: You occasionally shout uncontrollably at
                  | your foes. [a neqoxec]
 27231 | Depths:2 | Received a gift from Okawaru
 27302 | Depths:2 | Reached skill level 14 in Shields
 27715 | Depths:2 | Reached skill level 15 in Shields
 27846 | Depths:2 | Noticed a tentacled monstrosity
 27855 | Depths:2 | Killed a tentacled monstrosity
 27881 | Depths:2 | Reached skill level 16 in Shields
 28083 | Depths:2 | Reached skill level 17 in Shields
 28153 | Depths:2 | Received a gift from Okawaru
 28260 | Depths:2 | Reached XP level 19. HP: 177/177 MP: 26/26
 28271 | Depths:3 | Found a magical portal.
 28369 | Depths:3 | Reached skill level 18 in Shields
 28486 | Depths:3 | Received a gift from Okawaru
 28489 | Depths:3 | Noticed a golden dragon
 28544 | Depths:3 | Killed a golden dragon
 28556 | Depths:3 | Reached skill level 19 in Shields
 29119 | Depths:3 | Found Dayler's Jewellery Shop.
 29119 | Depths:3 | Found Woikliuk's Gadget Emporium.
 29129 | Depths:3 | Reached skill level 20 in Shields
 29134 | Depths:3 | Found Gyryeseu's Gadget Emporium.
 29142 | Depths:3 | Bought the ring of Iggyman {rF+ Str+4 Int+4 Slay+3 Stlth-}
                  | for 780 gold pieces
 29316 | Depths:3 | Found a radiant altar of Vehumet.
 29475 | Depths:4 | Noticed Jory
 29494 | Depths:4 | Killed Jory
 29496 | Depths:4 | Received a gift from Okawaru
 29544 | Depths:4 | Noticed Boris
 29576 | Depths:4 | Killed Boris
 29576 | Depths:4 | Reached skill level 21 in Shields
 29578 | Depths:4 | Got a sparkling lead ring
 29611 | Depths:4 | Identified the ring of the Philosopher {MR- Int+6 Dex+5
                  | Stlth+} (You found it on level 4 of the Depths)
 29832 | Depths:4 | Reached XP level 20. HP: 184/184 MP: 27/27
 30011 | Depths:4 | Received a gift from Okawaru
 30855 | Depths:4 | Reached skill level 22 in Shields
 30911 | Depths:4 | Noticed an ancient lich
 30925 | Depths:4 | Killed an ancient lich
 31265 | Depths:4 | Noticed a juggernaut
 31291 | Depths:4 | Killed a juggernaut
 31389 | Depths:4 | Noticed a golden dragon
 31401 | Depths:4 | Killed a golden dragon
 31448 | Depths:4 | Found a corrupted altar of Lugonu.
 31448 | Depths:4 | Found a one-way gate to the infinite horrors of the Abyss.
 31458 | Depths:5 | Entered Level 5 of the Depths
 31540 | Depths:5 | Reached skill level 23 in Shields
 31947 | Depths:5 | HP: 7/184 [wind drake/the air[a purple draconian
                  | stormcaller] (8)]
 31951 | Depths:5 | Found a gate to the Realm of Zot.
 31952 | Depths:5 | Killed from afar by a purple draconian

Skill      XL: |  1  2  3  4  5  6  7  8  9 10 11 12 13 14 15 16 17 18 19 20 |
---------------+-------------------------------------------------------------+-----
Axes           | 3 4 5 6 7 9 10 14 16 | 16.0
Armour         | 4 8 10 12 13 14 15 16 19 21 22 | 22.6
Fighting       | 4 7 10 12 14 15 17 | 17.3
Shields        | 6 10 12 13 17 21 23 | 23.5
Evocations     | 5 8 10 | 10.8

Action                   |  1- 3 |  4- 6 |  7- 9 | 10-12 | 13-15 | 16-18 | 19-21 || total
-------------------------+-------+-------+-------+-------+-------+-------+-------++-------
Melee: War axe           |    95 |   158 |    23 |   367 |   725 |  1161 |   645 ||  3174
       Headbutt          |    14 |    20 |    25 |   119 |   215 |   407 |   251 ||  1051
       Glaive            |       |       |   194 |   221 |       |       |       ||   415
Invok: Heroism           |       |       |     1 |    16 |    19 |    33 |    18 ||    87
       Finesse           |       |       |       |       |     1 |       |     2 ||     3
 Abil: Evoke Blink       |       |       |       |       |     1 |     1 |       ||     2
Evoke: Wand              |       |       |       |       |       |     1 |       ||     1
  Use: Scroll            |       |     9 |    11 |     7 |     9 |    11 |     8 ||    55
       Potion            |       |       |     3 |     3 |     4 |     3 |    10 ||    23
 Stab: Invisible         |       |       |       |       |     2 |       |       ||     2
       Distracted        |       |       |       |       |       |       |     1 ||     1
  Eat: Ration            |     1 |     1 |     4 |     7 |     9 |     6 |     4 ||    32
       Chunk             |       |     1 |       |       |       |     2 |       ||     3
Armor: Scale mail        |    38 |    71 |    12 |       |       |       |       ||   121
       Plate armour      |       |       |   116 |   166 |       |       |       ||   282
       Chain mail        |       |       |       |   105 |   194 |   331 |   183 ||   813
Dodge: Dodged            |    30 |    23 |    56 |   193 |   168 |   241 |    98 ||   809
Block: Shield            |    46 |    73 |    12 |   187 |   499 |   934 |   193 ||  1944
       Reflection        |       |       |       |       |     6 |    73 |    27 ||   106
       Other             |       |       |       |       |       |     2 |       ||     2
       Large shield      |       |       |       |       |       |       |   400 ||   400
